 Dungeon Crawl Stone Soup version 0.23.2 (webtiles) character file.

Game seed: 13316279898014998433

12179 Peloso the Carver (level 11, -5/96 (97) HPs)
             Began as a Minotaur Fighter on Apr 1, 2019.
             Was an Elder of Okawaru.
             Slain by a freezing wraith (18 damage)
             ... on level 14 of the Dungeon.
             The game lasted 00:30:01 (11027 turns).

Peloso the Carver (Minotaur Fighter)               Turns: 11027, Time: 00:30:02

HP:   -5/96 (97)    AC: 19    Str: 30    XL:     11   Next: 59%
MP:   20/20         EV:  9    Int:  5    God:    Okawaru [****..]
Gold: 114           SH: 13    Dex: 14    Spells: 10/10 levels left

rFire    . . .     SeeInvis +   O - +10 war axe of True Grit {chop, *Slow rElec MP+9 Str-3}
rCold    . . .     Gourm    .   c - +0 shield
rNeg     . . .     Faith    .   M - +1 plate armour "Xotith" {Str+6}
rPois    .         Spirit   .   (helmet restricted)
rElec    +         Reflect  .   K - scarf {repulsion}
rCorr    .         Harm     .   G - +1 pair of gloves {archery}
MR       .....                  z - +0 pair of boots of Decompression {+Fly} (curse)
Stlth    ..........             W - amulet of the Several Tables {RegenMP Str+4}
HPRegen  0.26/turn              U - ring "Upom" {rElec SInv}
MPRegen  0.42/turn              s - +3 ring of dexterity

@: slowed, repel missiles, very slow
A: retaliatory headbutt, horns 2
a: Heroism, Renounce Religion, Evoke Flight


You were on level 14 of the Dungeon.
You worshipped Okawaru.
Okawaru was greatly pleased with you.
You were hungry.

You visited 1 branch of the dungeon, and saw 12 of its levels.
You also visited: Ossuary and Gauntlet.

You collected 651 gold pieces.
You spent 537 gold pieces at shops.

Inventory:

Hand Weapons
 a - a +3 falchion of holy wrath
 O - the +10 war axe of True Grit (weapon) {chop, *Slow rElec MP+9 Str-3}
   (You found it on level 9 of the Dungeon)

   It inflicts extra damage upon your enemies.
   It affects your strength (-3).
   It insulates you from electricity.
   It affects your magic capacity (+9).
   It may slow you when you take damage.
Armour
 b - a +0 scale mail
 c - a +0 shield (worn)
 z - the cursed +0 pair of boots of Decompression (worn) {+Fly}
   (You found it in a Gauntlet)

   It lets you fly.
   It has a curse placed upon it.
 G - a +1 pair of gloves of archery (worn)
 K - a scarf of repulsion (worn)
 M - the +1 plate armour "Xotith" (worn) {Str+6}
   (You found it on level 6 of the Dungeon)

   It affects your strength (+6).
 S - +0 steam dragon scales
Jewellery
 j - an uncursed ring of fire
 s - a +3 ring of dexterity (right hand)
 u - an uncursed amulet of magic regeneration
 w - an uncursed amulet of faith
 R - a +4 ring of intelligence
 T - the amulet of Noon {Spirit *Slow rElec Dex+10}
   (You took it off a minotaur in a Gauntlet)

   [amulet of guardian spirit]

   It causes incoming damage to be split between your health and magic.
   It affects your dexterity (+10).
   It insulates you from electricity.
   It may slow you when you take damage.
 U - the ring "Upom" (left hand) {rElec SInv}
   (You found it in a Gauntlet)

   [ring of see invisible]

   It insulates you from electricity.
   It lets you see invisible.
 V - the ring "Queseom" {Fire Stlth+}
   (You found it in a Gauntlet)

   [ring of fire]

   It enhances your fire magic.
   It protects you from fire.
   It makes you vulnerable to cold.
   It makes you more stealthy.
 W - the amulet of the Several Tables (around neck) {RegenMP Str+4}
   (You found it in a Gauntlet)

   [amulet of magic regeneration]

   It increases your magic regeneration.
   It affects your strength (+4).
Wands
 x - a wand of polymorph (5)
 y - a wand of flame (1)
 H - a wand of paralysis (4)
 J - a wand of scattershot (5)
 N - a wand of acid (9)
 P - a wand of enslavement (8)
Scrolls
 d - 6 scrolls of identify
 e - 3 scrolls of amnesia {unknown}
 i - 3 scrolls of blinking {unknown}
 k - 6 scrolls of magic mapping
 m - 4 scrolls of enchant armour {unknown}
 o - 2 scrolls of noise {unknown}
 t - 13 scrolls of remove curse
 v - 6 scrolls of teleportation {unknown}
 D - a scroll of fear {unknown}
 E - 2 scrolls of enchant weapon {unknown}
 L - 2 scrolls of immolation {unknown}
 Q - 3 scrolls of summoning {unknown}
Potions
 g - 8 potions of curing
 h - 2 potions of berserk rage
 l - 3 potions of flight
 n - a potion of resistance
 p - 3 potions of brilliance
 q - 2 potions of heal wounds
 r - 2 potions of agility
 A - 3 potions of haste
 B - 2 potions of invisibility {unknown}
 C - 2 potions of mutation {unknown}
 F - 3 potions of might
 I - 2 potions of magic {unknown}
Comestibles
 f - 17 rations


   Skills:
 + Level 9.1 Fighting
 + Level 10.9 Long Blades
 + Level 8.6 Axes
 + Level 10.8 Armour
 + Level 3.6 Dodging
 + Level 1.4 Stealth
 + Level 10.3 Shields
 + Level 2.4 Invocations
 + Level 1.7 Evocations


You had 10 spell levels left.
You didn't know any spells.
Your spell library contained the following spells:

 Spells                   Type           Power        Failure   Level  Hunger
 Apportation              Tloc           #.....       100%        1    ##.....
 Sandblast                Erth           #.....       100%        1    ##.....
 Shock                    Conj/Air       #...         100%        1    ##.....
 Summon Butterflies       Summ           #.......     100%        1    ##.....
 Passwall                 Tmut/Erth      #.......     100%        2    ###....
 Swiftness                Chrm/Air       #.......     100%        2    ###....
 Lesser Beckoning         Tloc           #.........   100%        3    ####...
 Static Discharge         Conj/Air       #.......     100%        3    ####...
 Stone Arrow              Conj/Erth      #.....       100%        3    ####...
 Tukima's Dance           Hex            #.......     100%        3    ####...
 Airstrike                Air            #.........   100%        4    #####..
 Petrify                  Tmut/Erth      #.......     100%        4    #####..
 Summon Lightning Spire   Summ/Air       #.......     100%        4    #####..
 Alistair's Intoxication  Tmut/Pois      #.......     100%        5    ######.
 Irradiate                Conj/Tmut      #.........   100%        5    ######.
 Lee's Rapid Deconstruct  Erth           #.........   100%        5    ######.
 Lightning Bolt           Conj/Air       #.........   100%        5    ######.
 Silence                  Hex/Air        #.........   100%        5    ######.
 Conjure Ball Lightning   Conj/Air       #.........   100%        6    #######
 Deflect Missiles         Chrm/Air       #.........   100%        6    #######
 Hydra Form               Tmut           #.........   100%        6    #######
 Invisibility             Hex            #.......     100%        6    #######
 Statue Form              Tmut/Erth      #........    100%        6    #######
 Dragon Form              Tmut           #.........   100%        7    #######
 Tornado                  Air            #.........   100%        9    #######


Dungeon Overview and Level Annotations

Branches:
Dungeon (11/15)            Temple (0/1) D:7            Lair (0/6) D:9
    Orc (0/2) D:10

Altars:
Hepliaklqana
Kikubaaqudgha
Makhleb
Okawaru
Qazlal
Ru
Sif Muna
Trog
Uskayaw
Yredelemnul
The Shining One

Shops:
D:5 [   D:9 !   D:10 }!!

Portals:
Ice
Cave: D:14


Innate Abilities, Weirdness & Mutations

You reflexively headbutt those who attack you in melee.
You have a pair of horns on your head.


Message History

You slash the rime drake!
You kill the rime drake!
Okawaru accepts your kill. You block the freezing wraith's attack.
The freezing wraith hits you!
* * * LOW HITPOINT WARNING * * *
The freezing wraith drains your vigour!
You feel as though you will be slow longer.
You block the freezing wraith's attack. The freezing wraith closely misses you.
You completely miss the freezing wraith.
You headbutt the freezing wraith.
The freezing wraith is heavily damaged.
The freezing wraith hits you but does no damage. x2
Unknown command.
You slash the freezing wraith!
The freezing wraith is almost destroyed.
You are feeling hungry.
The freezing wraith hits you.
* * * LOW HITPOINT WARNING * * *
The freezing wraith freezes you!!
You die...

#...# #...#####.
.######.(.(.....
......#.........
#..≈........#
##≈#.........#
#≈#≈.(#......#
#.#≈.†W#≈.....#
#≈....@#≈.....#
#.....∩#≈.....#
#..##### .....
##. .##. #


You could see a freezing wraith.

Vanquished Creatures
  A minotaur (Gauntlet)
  Harold (D:8)
  A two-headed ogre (D:11)
  3 sixfirhies (Gauntlet)
  2 rime drakes (D:14)
  A hellion (Gauntlet)
  A troll (D:10)
  A raiju (Gauntlet)
  3 hippogriffs
  2 wraiths
  Sigmund (D:3)
  A vampire (D:11)
  2 steam dragons (Gauntlet)
  A hungry ghost (D:8)
  Edmund (D:4)
  3 vampire mosquitoes (D:10)
  A water moccasin (D:9)
  2 orc warriors
  2 phantoms
  An ice beast (D:8)
  A sky beast (D:6)
  3 ogres
  4 necrophages
  5 centaurs
  3 elf zombies (Ossuary)
  A wyvern zombie (D:9)
  6 bullfrogs
  A gnoll sergeant (D:10)
  2 scorpions
  6 killer bees (D:8)
  8 wights
  2 howler monkeys
  5 crimson imps
  A bullfrog zombie (D:10)
  2 hounds
  2 jellies
  4 centaur zombies
  2 human zombies (Ossuary)
  2 bullfrog skeletons
  15 orc priests
  2 centaur skeletons
  2 iguanas
  Ijyb (D:3)
  Natasha (thrice) (D:2)
  12 orc wizards
  3 worker ants
  A killer bee zombie (D:8)
  A hound zombie (D:8)
  4 mummies
  3 worker ant zombies
  4 gnolls (D:10)
  15 adders
  2 shadow imps (D:4)
  An adder skeleton (D:9)
  2 adder zombies (Ossuary)
  3 worms (D:2)
  3 leopard geckos
  44 orcs
  3 ball pythons
  6 giant cockroaches
  9 goblins
  5 hobgoblins
  14 jackals
  4 kobolds
  3 quokkas
  9 bats
  8 frilled lizards
  11 hobgoblin zombies (Ossuary)
  8 kobold zombies (Ossuary)
  7 orc zombies (Ossuary)
  A quokka zombie (D:7)
  14 rats
  A rat zombie (Ossuary)
  6 plants (D:4)
321 creatures vanquished.

Notes
Turn   | Place    | Note
-------+----------+-------------------------------------------
     0 | D:1      | Peloso the Minotaur Fighter began the quest for the Orb.
     0 | D:1      | Reached XP level 1. HP: 19/19 MP: 0/0
   110 | D:1      | Reached XP level 2. HP: 13/27 MP: 1/1
   537 | D:1      | Reached XP level 3. HP: 29/33 MP: 2/2
   965 | D:2      | Reached skill level 1 in Dodging
   971 | D:2      | Reached XP level 4. HP: 17/40 MP: 3/3
  1341 | D:2      | Noticed Natasha
  1345 | D:2      | Killed Natasha
  1345 | D:2      | Reached XP level 5. HP: 41/47 MP: 4/4
  1438 | D:2      | Noticed Natasha
  1443 | D:2      | Killed Natasha
  1515 | D:2      | Noticed Natasha
  1521 | D:2      | Killed Natasha
  1707 | D:3      | Noticed Ijyb
  1722 | D:3      | Killed Ijyb
  1726 | D:3      | Reached XP level 6. HP: 40/53 MP: 5/5
  1733 | D:3      | Reached skill level 5 in Long Blades
  1733 | D:3      | Reached skill level 5 in Armour
  1770 | D:3      | Reached skill level 5 in Shields
  1779 | D:3      | Noticed Sigmund
  2014 | D:3      | Killed Sigmund
  2306 | D:3      | Found an iron altar of Okawaru.
  2386 | D:3      | Became a worshipper of Warmaster Okawaru
  2601 | D:4      | Reached XP level 7. HP: 22/60 MP: 6/6
  2615 | D:4      | Reached skill level 5 in Fighting
  2629 | D:4      | Noticed Edmund
  2645 | D:4      | Killed Edmund
  2670 | D:4      | Found a transporter.
  2693 | D:4      | Found a sand-covered staircase.
  2790 | Ossuary  | Entered an ossuary
  2971 | Ossuary  | Reached * piety under Okawaru
  3079 | Ossuary  | Reached XP level 8. HP: 18/70 MP: 7/7
  3893 | D:4      | Found a transporter.
  4028 | D:4      | Found a burning altar of Makhleb.
  4030 | D:4      | Noticed a cacodemon
  4282 | D:5      | Entered Level 5 of the Dungeon
  4488 | D:5      | Reached ** piety under Okawaru
  4984 | D:5      | Found a glowing golden altar of the Shining One.
  5143 | D:5      | Found Morhugec's Antique Armour Shop.
  5150 | D:5      | Bought a pair of glowing gloves for 187 gold pieces
  5166 | D:5      | Found a deep blue altar of Sif Muna.
  5638 | D:6      | Reached skill level 1 in Evocations
  5756 | D:6      | Found a hide-covered altar of Uskayaw.
  5775 | D:6      | Reached XP level 9. HP: 69/77 MP: 8/8
  6027 | D:6      | Got a pitted plate armour
  6039 | D:6      | Identified the +1 plate armour "Xotith" {Str+6} (You found
                  | it on level 6 of the Dungeon)
  6140 | D:6      | Reached *** piety under Okawaru
  6373 | D:6      | Found a bloodstained altar of Trog.
  6495 | D:6      | Found a basalt altar of Yredelemnul.
  6565 | D:6      | Found a sacrificial altar of Ru.
  6668 | D:6      | Found an ancient bone altar of Kikubaaqudgha.
  6834 | D:7      | Found a staircase to the Ecumenical Temple.
  7644 | D:8      | Found a hazy altar of Hepliaklqana.
  7781 | D:8      | Reached skill level 10 in Long Blades
  7787 | D:8      | Reached **** piety under Okawaru
  7815 | D:8      | Found a stormy altar of Qazlal.
  8004 | D:8      | Reached XP level 10. HP: 88/88 MP: 6/9
  8102 | D:8      | Noticed Harold
  8130 | D:8      | Killed Harold
  8130 | D:8      | Reached ***** piety under Okawaru
  9108 | D:9      | Got a warped war axe
  9109 | D:9      | Identified the +10 war axe of True Grit {chop, *Slow rElec
                  | MP+9 Str-3} (You found it on level 9 of the Dungeon)
  9208 | D:9      | Reached skill level 1 in Stealth
  9314 | D:9      | Found Weschin's Distillery.
  9324 | D:9      | Bought a potion of heal wounds for 70 gold pieces
  9324 | D:9      | Bought 2 potions of berserk rage for 140 gold pieces
  9324 | D:9      | Bought a potion of haste for 140 gold pieces
  9511 | D:9      | Found a staircase to the Lair.
  9546 | D:10     | Entered Level 10 of the Dungeon
  9562 | D:10     | Reached skill level 1 in Axes
  9625 | D:10     | Found Xueffec's Gadget Shop.
  9720 | D:10     | Reached skill level 10 in Armour
  9770 | D:10     | Found Emano's Distillery.
  9773 | D:10     | Found Ifyacuz's Distillery.
  9958 | D:10     | Found a staircase to the Orcish Mines.
 10053 | D:10     | Received a gift from Okawaru
 10053 | D:10     | Reached skill level 5 in Axes
 10120 | D:11     | Noticed a two-headed ogre
 10127 | D:11     | Killed a two-headed ogre
 10127 | D:11     | Reached XP level 11. HP: 60/94 MP: 11/11
 10171 | D:11     | Found a gate leading to a gauntlet.
 10175 | Gauntlet | Entered a Gauntlet
 10175 | Gauntlet | Found a transporter.
 10175 | Gauntlet | Found a transporter.
 10175 | Gauntlet | Found a transporter.
 10176 | Gauntlet | Found a transporter.
 10179 | Gauntlet | Found a transporter.
 10179 | Gauntlet | Found a transporter.
 10182 | Gauntlet | Noticed a cyan ugly thing
 10188 | Gauntlet | Noticed a sixfirhy
 10189 | Gauntlet | Noticed a glowing orange brain
 10192 | Gauntlet | Found a transporter.
 10192 | Gauntlet | Noticed a sixfirhy
 10194 | Gauntlet | Found a transporter.
 10204 | Gauntlet | Found a transporter.
 10235 | Gauntlet | Noticed a sixfirhy
 10286 | Gauntlet | Noticed a purple ugly thing
 10290 | Gauntlet | Noticed a glowing orange brain
 10293 | Gauntlet | Found a transporter.
 10295 | Gauntlet | Found a transporter.
 10304 | Gauntlet | Noticed an entropy weaver
 10305 | Gauntlet | Found a transporter.
 10507 | Gauntlet | Got a pair of smoking boots
 10513 | Gauntlet | Identified the cursed +0 pair of boots of Decompression
                  | {+Fly} (You found it in a Gauntlet)
 10557 | Gauntlet | Killed a sixfirhy
 10557 | Gauntlet | Reached skill level 1 in Invocations
 10560 | Gauntlet | Killed a sixfirhy
 10566 | Gauntlet | Killed a sixfirhy
 10586 | Gauntlet | Got a heavily runed jade ring
 10589 | Gauntlet | Identified the ring "Upom" {rElec SInv} (You found it in a
                  | Gauntlet)
 10617 | Gauntlet | Got a smoking ivory ring
 10619 | Gauntlet | Identified the ring "Queseom" {Fire Stlth+} (You found it
                  | in a Gauntlet)
 10621 | Gauntlet | Got an ancient lead amulet
 10623 | Gauntlet | Identified the amulet of the Several Tables {RegenMP Str+4}
                  | (You found it in a Gauntlet)
 10765 | Gauntlet | Identified the amulet of Noon {Spirit *Slow rElec Dex+10}
 10765 | Gauntlet | Noticed a minotaur
 10786 | Gauntlet | Killed a minotaur
 10786 | Gauntlet | Reached skill level 10 in Shields
 11013 | D:11     | You fall through a shaft for 3 floors!
 11013 | D:14     | Found a frozen archway.
 11027 | D:14     | Slain by a freezing wraith

Skill      XL: |  1  2  3  4  5  6  7  8  9 10 11 |
---------------+----------------------------------+-----
Shields        | 4 5 6 8 9 10 | 10.3
Armour         | 4 5 6 8 9 10 | 10.8
Long Blades    | 3 4 5 7 8 10 | 10.9
Fighting       | 4 5 6 7 8 9 |  9.1
Dodging        | 1 2 3 |  3.6
Evocations     | 1 |  1.7
Stealth        | 1 |  1.4
Axes           | 6 8 |  8.6
Invocations    | 2 |  2.4

Action                   |  1- 3 |  4- 6 |  7- 9 | 10-12 || total
-------------------------+-------+-------+-------+-------++-------
Melee: Long sword        |    94 |   127 |   489 |   115 ||   825
       Headbutt          |    17 |    22 |   144 |    85 ||   268
       War axe           |       |       |       |   175 ||   175
Invok: Heroism           |       |       |     5 |     4 ||     9
       Finesse           |       |       |       |     3 ||     3
Evoke: Wand              |       |       |     9 |     6 ||    15
  Use: Potion            |       |     1 |     3 |     4 ||     8
       Scroll            |       |     5 |     6 |     2 ||    13
 Stab: Paralysed         |       |       |     1 |     2 ||     3
  Eat: Chunk             |       |     5 |    11 |     7 ||    23
       Ration            |       |       |     2 |     1 ||     3
Armor: Scale mail        |    34 |    39 |    60 |       ||   133
       Chain mail        |       |       |    31 |       ||    31
       Plate armour      |       |       |    57 |   100 ||   157
Dodge: Dodged            |    29 |    33 |   110 |    61 ||   233
       Deflected         |       |       |     2 |     5 ||     7
Block: Shield            |    51 |    47 |   266 |   151 ||   515
       Rpst.: Long sword |     8 |     8 |    34 |       ||    50
